 Dungeon Crawl Stone Soup version 0.31.0-11-ge490571c62 (webtiles) character file.

Game seed: 16332597035015096304

67 Goblin1989 the Sneak (level 4, -5/35 HPs)
             Began as a Demonspawn Delver on Feb 2, 2024.
             Was an Initiate of Ashenzari.
             Killed from afar by Sigmund (8 damage)
             ... with a puff of flame
             ... on level 5 of the Dungeon.
             The game lasted 00:03:22 (411 turns).

Goblin1989 the Sneak (Demonspawn Delver)             Turns: 411, Time: 00:03:23

Health: -5/35      AC:  4    Str: 12    XL:     4   Next: 0%
Magic:  4/4        EV: 12    Int: 10    God:    Ashenzari [......]
Gold:   30         SH:  0    Dex: 17    Spells: 3/3 levels left

rFire   . . .        a - +0 short sword
rCold   . . .        (no shield)
rNeg    . . .        b - +0 leather armour
rPois   .            (no helmet)
rElec   .            (no cloak)
rCorr   .            h - +0 pair of gloves
SInv    .            (no boots)
Will    .....        (no amulet)
Stlth   +++          (no ring)
HPRegen 0.25/turn    (no ring)
MPRegen 0.09/turn

%: no passive effects
@: hasted, very quick
A: hooves 1, powered by pain 1
a: Renounce Religion


You were on level 5 of the Dungeon.
You worshipped Ashenzari.
Ashenzari was noncommittal.
You visited 1 branch of the dungeon, and saw 1 of its levels.

You collected 30 gold pieces.

Inventory:

Hand Weapons
 a - a +0 short sword (weapon)
Armour
 b - a +0 leather armour (worn)
 h - a +0 pair of gloves (worn)
Wands
 g - a wand of digging (2) {@v3}
Scrolls
 c - 2 scrolls of fog
 d - a scroll of revelation
 e - a scroll of fear
 i - a scroll of enchant armour {unknown}
 j - a scroll of amnesia {unknown}
 k - a scroll of brand weapon {unknown}


   Skills:
 - Level 3.0 Fighting
 + Level 3.9 Short Blades
 - Level 1.7 Dodging
 - Level 4.5 Stealth


You had 3 spell levels left.
You didn't know any spells.
Your spell library was empty.

Dungeon Overview and Level Annotations

Branches:
Dungeon (5/15) Zot: 5596
 Temple: D:4-7

Altars:
Ashenzari

Annotations:
D:5 Sigmund


Innate Abilities, Weirdness & Mutations

You have large cloven feet.
You sometimes gain a little power by taking damage.


Message History

You hit the hound but do no damage. Your kick misses the hound.
The hound is moderately wounded.
The hound misses you.
You barely miss the hound. Your kick misses the hound.
The hound is moderately wounded.
The hound misses you.
You closely miss the hound. You kick the hound.
The hound is heavily wounded.
The hound bites you. x2
You take 5 damage, and have 14/29 hp.
You hit the hound.
The hound is severely wounded.
The hound closely misses you.
You hit the hound.
The hound is almost dead.
The hound bites you.
* * * LOW HITPOINT WARNING * * *
You take 2 damage, and have 12/29 hp.
You hit the hound.
You kill the hound!
You start resting.
HP restored.
Health restored: 29
Found a scroll of fog.
Found a scale mail.
An orc comes into view. It is wielding a +0 flail.
The orc shouts!
You see here a +0 scale mail.
c - 2 scrolls of fog (gained 1)
An orc comes into view. It is wielding a +0 club.
The orc attacks as it pursues you! The orc barely misses you.
You hit the orc but do no damage. You punch the orc.
The orc is heavily wounded.
The orc misses you.
You closely miss the orc.
The orc is heavily wounded.
You hit the orc. Your kick misses the orc.
The orc is severely wounded.
The orc closely misses you.
You hit the orc.
You kill the orc!
An orc comes into view. It is wielding a +0 mace.
You see here a +0 flail.
The orc shouts!
You hear a shout!
You hear an angry growl.
You hear a shout! x4
You hear a shout!
You hit the orc.
The orc is lightly wounded.
The orc closely misses you.
You hit the orc. Your punch misses the orc.
The orc is heavily wounded.
The orc misses you.
You hit the orc. You kick the orc, but do no damage.
The orc is severely wounded.
You hit the orc.
You kill the orc!
You hit the orc.
The orc is heavily wounded.
The orc hits you with a +0 club.
You take 1 damage, and have 28/29 hp.
You hit the orc but do no damage.
The orc is heavily wounded.
The orc hits you with a +0 club.
You take 3 damage, and have 25/29 hp.
You hit the orc but do no damage. You kick the orc.
You kill the orc!
You have reached level 4!
You feel agile.
You regained 5 hp, and now have 30/35 hp.
MP restored: 4 Unknown command.
Items here: ))) [[ †.
Sigmund and an orc come into view.
Sigmund is wielding a +0 scythe and carrying a wand of flame.
Sigmund casts a spell at you. The puff of flame hits you!
You take 7 damage, and have 24/35 hp.
You see here a +0 scale mail.
Items here: ))) [[ †.
You feel yourself speed up.
Sigmund zaps a wand.
The puff of flame hits you!
You take 9 damage, and have 17/35 hp.
MASSIVE DAMAGE!!
Sigmund mumbles some strange words.
Sigmund flickers and vanishes!
Deactivating autopickup; reactivate with Ctrl-A.
You barely miss something. Your kick misses something.
You hear some strange, mumbled words.
A puff of flame appears from out of thin air!
The puff of flame hits you.
* * * LOW HITPOINT WARNING * * *
You take 6 damage, and have 11/35 hp.
You hit something. You closely miss something. You kick something.
Something hits you!
* * * LOW HITPOINT WARNING * * *
You take 9 damage, and have 2/35 hp.
MASSIVE DAMAGE!!
You closely miss something. You hit something. Your kick misses something.
You barely miss something. Your kick misses something.
You hear a zap.
A puff of flame appears from out of thin air!
The puff of flame hits you!
You die...

█. ███ █.█ ..█ █.. ..█
█.o ..█ █.@ ..█ █..█▲█..█
█...[..█ ███████████....█
██████████......@{o..████
........██.███████████
███████.██.█ █.██.█
█.██.█ █....█


██████ You could see an orc.

Vanquished Creatures
  2 hounds (D:5)
  3 orcs (D:5)
5 creatures vanquished.

Notes
Turn   | Place    | Note
-------+----------+-------------------------------------------
     0 | D:5      | Goblin1989 the Demonspawn Delver began the quest for the
                  | Orb.
     0 | D:5      | Reached XP level 1. HP: 18/18 MP: 1/1
    49 | D:5      | Noticed a hound
    62 | D:5      | Killed a hound
    63 | D:5      | Gained mutation: You sometimes gain a little power by
                  | taking damage. [demonic ancestry]
    63 | D:5      | Reached XP level 2. HP: 9/24 MP: 2/2
    63 | D:5      | Gained mutation: You have large cloven feet. [demonic
                  | ancestry]
    63 | D:5      | Reached XP level 3. HP: 11/29 MP: 3/3
   157 | D:5      | Found a broken altar of Ashenzari.
   185 | D:5      | Became a worshipper of Ashenzari the Shackled
   391 | D:5      | Reached XP level 4. HP: 30/35 MP: 4/4
   394 | D:5      | Noticed Sigmund
   411 | D:5      | Killed from afar by Sigmund

Illustrated notes

Levels and vault maps discovered:
D:5:      layout_loops_ring, kennysheep_mini_moat,
          ashenzari_conservatory_becter, uniq_eustachio, uniq_sigmund

Skill      XL: |  1 |
---------------+----+-----
Short Blades   | 3 |  3.9
Fighting       | |  3.0
Dodging        | |  1.7
Stealth        | |  4.5

Action                     |  1- 3 |  4- 6 || total
---------------------------+-------+-------++-------
  Melee: Short sword       |    36 |     6 ||    42
         Kick              |     4 |     1 ||     5
         Punch             |     1 |       ||     1
  Evoke: Wand              |     1 |       ||     1
    Use: Potion            |       |     1 ||     1
 Armour: Leather armour    |    19 |     5 ||    24
  Dodge: Dodged            |    20 |       ||    20
